[Event "Team 45 45 League T69"]
[Site "Internet Chess Club"]
[Date "2016.06.10"]
[Round "1"]
[White "mongmong"]
[Black "chesster3145"]
[Result "1-0"]
[WhiteElo "1559"]
[BlackElo "1199"]
[Opening "Colle system"]
[ECO "D05"]
[Time "19:31:13"]
[TimeControl "2700+45"]

1. d4 Nf6 2. Nf3 e6 3. e3 d5 4. Bd3 c5 5. c3 Nc6 6. Nbd2 Bd6 7. Qe2 O-O 8. O-O
cxd4 9. exd4 Re8 10. Ne5 Qc7 11. Ndf3 Nd7 12. Nxd7 Bxd7 13. h3 e5 14. dxe5 Nxe5
15. Nxe5 Rxe5 16. Qc2 Rh5 17. f4 Qc8 18. f5 f6 19. Be3 b6 20. Rae1 Bc5 21. Bxc5
bxc5 22. Qe2 Rh6 23. Rf2 Qc7 24. Qd1 Re8 25. Rxe8+ Bxe8 26. Qe2 Qe5 27. Bb5 Qxe2
28. Bxe2 Bd7 29. Kh2 Kf7 30. g4 g6 31. fxg6+ Kxg6 32. Kg3 Kg5 33. Bd3 Rh4 34.
Bf5 Be8 35. Be6 Bg6 36. Bxd5 h5 37. Be6 hxg4 38. hxg4 Rh1 39. Bf5 Re1 40. Bxg6
Kxg6 41. Kf4 Re7 42. Rd2 Rc7 43. Rd5 Kf7 44. g5 fxg5+ 45. Kxg5 Ke6 46. Rd2 Rd7
47. Rxd7 Kxd7 48. Kf5 Kc6 49. c4 Kd6 50. Kf6 a6 51. b3 Kd7 52. Ke5 Kc6 53. Ke6
a5 54. a3 {Black resigns} 1-0

[Event "Team 45 45 League T69"]
[Site "Internet Chess Club"]
[Date "2016.06.11"]
[Round "1"]
[White "olivermx"]
[Black "Kandor"]
[Result "0-1"]
[WhiteElo "1301"]
[BlackElo "1301"]
[Opening "Ruy Lopez: Anderssen variation"]
[ECO "C77"]
[Time "11:10:35"]
[TimeControl "2700+45"]

1. e4 e5 2. Nf3 Nc6 3. Bb5 a6 4. Ba4 Nf6 5. d3 b5 6. Bb3 Be7 7. c3 O-O 8. O-O d5
9. exd5 Nxd5 10. Re1 Nf6 11. Nxe5 Nxe5 12. Rxe5 Bd6 13. Re1 Ng4 14. h3 Qh4 15.
Nd2 Bh2+ {White resigns} 0-1

[Event "Team 45 45 League T69"]
[Site "Internet Chess Club"]
[Date "2016.06.08"]
[Round "1"]
[White "chips"]
[Black "Optimalsquare"]
[Result "1/2-1/2"]
[WhiteElo "1240"]
[BlackElo "1170"]
[Opening "Polish (Sokolsky) opening"]
[ECO "A00"]
[Time "20:30:25"]
[TimeControl "2700+45"]

1. b4 e6 2. Bb2 d5 3. e3 Nf6 4. a3 Be7 5. Nf3 c6 6. d3 Nbd7 7. Nbd2 O-O 8. g3 e5
9. Bg2 b6 10. Bxe5 Nxe5 11. Nxe5 Qd6 12. Nef3 Rb8 13. O-O a5 14. c3 Ba6 15. Qc2
c5 16. bxa5 bxa5 17. Rfb1 Nd7 18. Rxb8 Rxb8 19. a4 Bf6 20. d4 Rb6 21. Rb1 c4 22.
Rxb6 Nxb6 23. e4 Qc6 24. e5 Be7 25. Nf1 Nxa4 26. Ne3 Bc8 27. h4 Nb6 28. Kh2 Nd7
29. Nf5 Bf8 30. Qd2 a4 31. Qg5 a3 32. Nh6+ Qxh6 33. Qd8 Qc6 34. Qa5 Qb7 35. Bh3
Qa6 36. Qxd5 a2 37. Ng5 Qg6 38. Qa5 Qb1 39. Qd5 Qg6 40. Qa5 Qb1 41. Qd5 Qg6
{Game drawn by repetition} 1/2-1/2

[Event "Team 45 45 League T69"]
[Site "Internet Chess Club"]
[Date "2016.06.11"]
[Round "1"]
[White "oldbookseller"]
[Black "stantheman59"]
[Result "1-0"]
[WhiteElo "1028"]
[BlackElo "1148"]
[Opening "Queen's pawn: English defense"]
[ECO "A40"]
[Time "15:02:05"]
[TimeControl "2700+45"]

1. d4 b6 2. Nf3 Bb7 3. e3 Nf6 4. Nbd2 e6 5. Bd3 Bd6 6. O-O O-O 7. e4 Bf4 8. h3
c5 9. c3 d6 10. Qe1 Nc6 11. d5 exd5 12. exd5 Nxd5 13. Qe4 Nce7 14. Qxh7# {Black
checkmated} 1-0

[Event "Team 45 45 League T69"]
[Site "Internet Chess Club"]
[Date "2016.06.10"]
[Round "1"]
[White "smsxman"]
[Black "Electryon"]
[Result "1/2-1/2"]
[WhiteElo "1334"]
[BlackElo "1450"]
[Opening "French defense"]
[ECO "C00"]
[Time "12:03:57"]
[TimeControl "2700+45"]

1. e4 e6 2. Nc3 d5 3. exd5 exd5 4. Nf3 Bg4 5. Be2 Nf6 6. O-O Bd6 7. d4 O-O 8.
Ne5 Bxe2 9. Nxe2 Nbd7 10. Nxd7 Qxd7 11. Re1 Rfe8 12. c3 c6 13. Be3 Ng4 14. Ng3
Nxe3 15. fxe3 Bxg3 16. hxg3 Qd6 17. Qf3 Re6 18. Qf4 Rd8 19. Qxd6 Rdxd6 20. Re2
Re4 21. Rf1 Rde6 22. Rf3 Rg6 23. Kf2 Kf8 24. Rf4 Rg4 25. Kf3 h5 26. Rxg4 Rxg4
27. e4 Rxe4 28. Rxe4 dxe4+ 29. Kxe4 Ke7 30. Kf5 g6+ 31. Kg5 Ke6 32. g4 hxg4 33.
Kxg4 f6 34. g3 Kd5 35. Kf4 c5 36. dxc5 Kxc5 37. Ke4 b5 38. g4 b4 39. Kd3 a5 40.
c4 f5 41. gxf5 gxf5 42. b3 f4 43. Ke4 a4 44. Kxf4 axb3 45. axb3 Kd4 46. c5 Kxc5
47. Ke4 Kc6 48. Kd4 Kb6 49. Kc4 Ka5 50. Kc5 Ka6 51. Kxb4 Kb6 52. Kc4 Kc6 53. b4
Kb6 54. b5 Kb7 55. Kc5 Kc7 56. b6+ Kb7 57. Kb5 Kb8 58. Kc6 Kc8 59. Kb5 Kb7 60.
Ka5 Kb8 61. Ka6 Ka8 62. Kb5 Kb7 63. Kc5 Kb8 64. Kc6 Kc8 65. Kb5 Kb7 {Game drawn
by repetition} 1/2-1/2

[Event "Team 45 45 League T69"]
[Site "Internet Chess Club"]
[Date "2016.06.10"]
[Round "1"]
[White "Aquaman"]
[Black "Toalla"]
[Result "0-1"]
[WhiteElo "1304"]
[BlackElo "1311"]
[Opening "Réti: King's Indian attack"]
[ECO "A05"]
[Time "16:01:10"]
[TimeControl "2700+45"]

1. Nf3 Nf6 2. g3 g6 3. Bg2 Bg7 4. O-O c6 5. d3 O-O 6. Nbd2 d5 7. c4 Nbd7 8. Rb1
e5 9. cxd5 Nxd5 10. e4 N5f6 11. b4 a6 12. Bb2 Re8 13. Nc4 Ng4 14. h3 Nh6 15. a3
Qc7 16. Rc1 f5 17. Ncd2 Nf8 18. Nh2 Be6 19. Nhf3 Rad8 20. Qe1 Rxd3 21. Ng5 Red8
22. Bc3 f4 23. g4 Nf7 24. Ndf3 Nxg5 25. Nxg5 Qb6 26. Nxe6 Nxe6 27. Qe2 f3 28.
Bxf3 Nf4 29. Qa2+ Kh8 30. Bg2 Rg3 31. Rcd1 Rxg2+ 32. Kh1 h6 33. Qa1 Rxd1 34.
Qxd1 Kh7 35. Qe2 Nxe2 {White resigns} 0-1

[Event "Team 45 45 League T69"]
[Site "Internet Chess Club"]
[Date "2016.06.10"]
[Round "1"]
[White "tasawyer81"]
[Black "GiantsFan"]
[Result "1-0"]
[WhiteElo "1093"]
[BlackElo "1124"]
[Opening "Queen's pawn game, Krause variation"]
[ECO "D02"]
[Time "18:23:37"]
[TimeControl "2700+45"]

1. d4 d5 2. Nf3 c5 3. Bf4 Nc6 4. e3 Nf6 5. Bb5 Bd7 6. O-O e6 7. Nc3 a6 8. Bxc6
Bxc6 9. Ne5 Rc8 10. Bg5 Be7 11. Re1 Nd7 12. Nxd7 Qxd7 13. Bxe7 Qxe7 14. e4 Qd7
15. dxc5 dxe4 16. Qxd7+ Bxd7 17. Nxe4 f5 18. Nd6+ Kd8 19. Nf7+ Ke7 20. Nxh8 Rxh8
21. Rad1 Rc8 22. b4 a5 23. a3 Ra8 24. Rd6 Bc6 25. Rdxe6+ Kf8 26. g3 axb4 27.
axb4 Be4 28. c3 Ra2 29. g4 g6 30. gxf5 gxf5 31. b5 Rc2 32. c6 Rxc3 33. cxb7 Bxb7
34. Rf6+ Kg7 35. Rxf5 Rh3 36. Re3 Rh4 37. Rg3+ Kh6 38. Rf6+ Kh5 39. Rf7 Kh6 40.
Rxb7 Rb4 41. Rb6+ Kh5 42. Rb7 Kh6 43. b6 Rb5 44. Rgg7 Rb4 45. Rxh7+ Kg6 46.
Rbg7+ Kf6 47. b7 Rb5 48. Rg8 Rg5+ 49. Rxg5 Kxg5 50. b8=Q Kf5 51. Qf8+ Ke4 52.
Re7+ Kd5 53. Qd8+ Kc6 54. Rc7+ Kb6 55. Qb8+ Ka6 56. Ra7# {Black checkmated} 1-0

[Event "Team 45 45 League T69"]
[Site "Internet Chess Club"]
[Date "2016.06.13"]
[Round "1"]
[White "artspir"]
[Black "WzeroMN"]
[Result "1-0"]
[WhiteElo "1186"]
[BlackElo "1120"]
[Opening "Queen's pawn game"]
[ECO "A46"]
[Time "13:00:41"]
[TimeControl "2700+45"]

1. d4 Nf6 2. Nf3 e6 3. Bf4 d5 4. e3 Be7 5. Be2 O-O 6. Nbd2 c5 7. c3 cxd4 8. cxd4
Qb6 9. b3 Bb4 10. O-O Nbd7 11. Rc1 Ne4 12. Nxe4 dxe4 13. Bc7 exf3 14. Bxb6 fxe2
15. Qxe2 Nxb6 16. f4 Bd7 17. Rc7 Rab8 18. a4 Rfc8 19. Rfc1 Bd6 20. R7c2 Rxc2 21.
Rxc2 Rc8 22. Rxc8+ Nxc8 23. e4 Bxf4 24. Qf3 Bd2 25. Qg3 Ba5 26. Qb8 b6 27. Qc7
g6 28. Qxd7 Bb4 29. Qxc8+ Kg7 30. h4 h5 31. Qc4 Be7 32. Kf2 Bxh4+ 33. g3 Be7 34.
Kf3 Bg5 35. d5 exd5 36. exd5 Be7 37. Qc7 {Black resigns} 1-0

[Event "Team 45 45 League T69"]
[Site "Internet Chess Club"]
[Date "2016.06.12"]
[Round "1"]
[White "SlimeDog2"]
[Black "JJ12"]
[Result "1/2-1/2"]
[WhiteElo "2025"]
[BlackElo "2127"]
[Opening "Benkö gambit accepted"]
[ECO "A58"]
[Time "20:11:16"]
[TimeControl "2700+45"]

1. d4 Nf6 2. c4 c5 3. d5 b5 4. cxb5 a6 5. bxa6 g6 6. Nc3 Bg7 7. e4 O-O 8. Nf3 d6
9. Qc2 Bxa6 10. Bxa6 Nxa6 11. O-O Nd7 12. Be3 Ne5 13. Nxe5 Bxe5 14. a4 Qa5 15.
Nb5 Rfb8 16. Rfb1 Nb4 17. Qe2 Qa6 18. g3 Qc8 19. Kg2 f5 20. f3 Qd7 21. Bf2 fxe4
22. fxe4 Rf8 23. Be1 Na6 24. Bc3 Bf6 25. Rf1 Nc7 26. Nxc7 Qxc7 27. Qc4 Qb7 28.
a5 Bxc3 29. Rxf8+ Rxf8 30. Qxc3 Qa6 31. Qc2 Ra8 32. Kf3 Qb5 33. Qd2 Rf8+ 34. Ke3
Ra8 35. Qc3 c4 36. Kf3 Qc5 37. Kg2 Ra6 38. Ra4 Ra8 39. Rxc4 Qa7 40. Rc8+ Rxc8
41. Qxc8+ Kf7 42. Qc3 Qa6 43. Kf2 Qa7+ 44. Kg2 Qa6 45. b4 Qe2+ 46. Kg1 Qd1+ 47.
Kf2 Qb1 48. Qc4 Qb2+ 49. Kg1 Qd2 50. a6 Qe3+ 51. Kg2 Qd2+ 52. Kf1 Qxh2 53. Qe2
Qh1+ 54. Kf2 Qa1 55. b5 Qd4+ 56. Kg2 Ke8 57. Kf3 Qg1 58. Qb2 Qf1+ 59. Ke3 Qg1+
60. Kd3 Qxg3+ 61. Kc4 Qe3 62. Qd4 Qa3 63. Qd3 Qa4+ 64. Kc3 Qa3+ 65. Kd2 Qb2+ 66.
Ke3 Qc1+ 67. Kf2 Qf4+ 68. Ke2 Qh2+ 69. Kd1 Qb2 70. Qc4 Qb1+ 71. Kd2 Qb2+ 72. Ke3
Qa3+ 73. Kf2 Qb2+ 74. Kf3 Qa3+ 75. Kg4 h5+ 76. Kg5 Kf7 77. Qf1+ Kg7 78. Qf4 Qc5
79. e5 Qxd5 80. a7 dxe5 81. a8=Q Qxa8 82. Qxe5+ Kf7 83. Qf4+ Ke6 84. Kxg6 Qe8+
85. Kh6 Qxb5 86. Qe4+ Qe5 87. Qc6+ Kf5 88. Qc2+ Kf4 89. Qh2+ Ke4 90. Qe2+ Kd5
91. Qb5+ Ke6 92. Qc6+ Qd6 93. Qc8+ Kd5+ 94. Kxh5 Qe5+ 95. Kh4 Qf4+ 96. Kh3 e5
97. Kg2 Qd2+ 98. Kf1 Qd3+ 99. Ke1 Kd4 100. Qd7+ Ke4 101. Qh7+ Ke3 102. Qh3+ Kd4
103. Qd7+ Kc4 104. Qc7+ Kd4 105. Qd7+ {Game drawn by repetition} 1/2-1/2

[Event "Team 45 45 League T69"]
[Site "Internet Chess Club"]
[Date "2016.06.12"]
[Round "1"]
[White "xt"]
[Black "sharky123"]
[Result "0-1"]
[WhiteElo "1745"]
[BlackElo "1883"]
[Opening "Caro-Kann: exchange variation"]
[ECO "B13"]
[Time "23:34:51"]
[TimeControl "2700+45"]

1. e4 c6 2. d4 d5 3. exd5 cxd5 4. Nf3 Nf6 5. Nc3 Nc6 6. h3 Bf5 7. Be2 e6 8. Bg5
Be7 9. Qd2 h6 10. Be3 Qb6 11. O-O Qxb2 12. Rfb1 Qxc2 13. Qxc2 Bxc2 14. Rxb7 Rc8
15. Bb5 O-O 16. Bxc6 Rxc6 17. Nb5 Bd8 18. Nxa7 Rb6 19. Rxb6 Bxb6 20. Rc1 Bd3 21.
Ne5 Bxa7 22. Nxd3 Bb8 23. Nc5 Bd6 24. Nb7 Bb8 25. a4 Ba7 26. a5 Ne4 27. f3 Ng3
28. Kf2 Nf5 29. f4 Bxd4 30. Bxd4 Nxd4 31. a6 Ra8 32. Ra1 Nb5 33. Nc5 Nc7 34. Ke3
Kf8 35. Kd4 Ke7 36. Ra5 Kd6 37. Ra2 Nb5+ {White resigns} 0-1

[Event "Team 45 45 League T69"]
[Site "Internet Chess Club"]
[Date "2016.06.13"]
[Round "1"]
[White "Holzschlange"]
[Black "passedpawn"]
[Result "0-1"]
[WhiteElo "1808"]
[BlackElo "1857"]
[Opening "English: Neo-Catalan"]
[ECO "A13"]
[Time "20:30:22"]
[TimeControl "2700+45"]

1. Nf3 Nf6 2. c4 e6 3. g3 d5 4. d4 c6 5. Qc2 Nbd7 6. Bg2 Bd6 7. O-O O-O 8. Rd1
b6 9. b3 Bb7 10. Nc3 Rc8 11. e4 dxe4 12. Nxe4 Nxe4 13. Qxe4 Nf6 14. Qe2 Qe7 15.
Ne5 Rfd8 16. Bg5 h6 17. Bf4 c5 18. dxc5 Bxc5 19. Ng4 Bxg2 20. Kxg2 Rxd1 21. Rxd1
Rd8 22. Nxf6+ Qxf6 23. Rxd8+ Qxd8 24. Qd2 Qe7 25. h4 Kf8 26. Qd3 e5 27. Bd2 Qf6
28. f3 Qd6 29. Qxd6+ Bxd6 30. Kf2 a5 31. Be3 Bc5 32. a3 Ke7 33. Bxc5+ bxc5 34.
Ke3 Ke6 35. f4 g6 36. g4 f5 37. g5 h5 38. a4 exf4+ 39. Kxf4 Kd6 {White resigns}
0-1

[Event "Team 45 45 League T69"]
[Site "Internet Chess Club"]
[Date "2016.06.09"]
[Round "1"]
[White "justice02"]
[Black "losscause"]
[Result "1/2-1/2"]
[WhiteElo "1617"]
[BlackElo "1604"]
[Opening "Queen's pawn game, Darooha variation "]
[ECO "D11"]
[Time "21:05:55"]
[TimeControl "2700+45"]

1. Nf3 d5 2. d4 Nf6 3. c4 c6 4. g3 dxc4 5. Nc3 b5 6. Bg2 Bb7 7. O-O Nd5 8. e4
Nxc3 9. bxc3 e6 10. Bg5 Be7 11. Be3 Nd7 12. Nd2 O-O 13. a4 a6 14. Qc2 c5 15.
Rfb1 cxd4 16. cxd4 Nb6 17. axb5 axb5 18. Rxa8 Bxa8 19. Rxb5 Bc6 20. Rxb6 Qxb6
21. d5 Bc5 22. Bxc5 Qxc5 23. dxc6 Qxc6 24. Qxc4 Qd6 25. Qc2 Rd8 26. Nc4 Qc5 27.
Ne3 Qb6 28. h4 h6 29. Nc4 Qc5 30. Ne3 Qb6 31. Nc4 Qc5 32. Ne3 Qb6 33. Nc4 Qc5
{Game drawn by repetition} 1/2-1/2

[Event "Team 45 45 League T69"]
[Site "Internet Chess Club"]
[Date "2016.06.13"]
[Round "1"]
[White "LittleButton"]
[Black "Capt-Morgan"]
[Result "1-0"]
[WhiteElo "1861"]
[BlackElo "1818"]
[Opening "King's Indian: Torre attack"]
[ECO "A48"]
[Time "16:03:29"]
[TimeControl "2700+45"]

1. d4 Nf6 2. Nf3 g6 3. Bg5 Bg7 4. Nbd2 d5 5. e3 O-O 6. Be2 c5 7. c3 b6 8. O-O
Bb7 9. Ne5 Nc6 10. Nxc6 Bxc6 11. b4 h6 12. Bf4 Nd7 13. Nf3 g5 14. Be5 f6 15. Bg3
e5 16. dxe5 Nxe5 17. Nxe5 fxe5 18. Rc1 Qd7 19. Bg4 Qe7 20. Bf3 Rad8 21. Qc2 Bb5
22. Bxd5+ Rxd5 23. c4 cxb4 24. cxd5 Bxf1 25. Kxf1 Qf7 26. e4 h5 27. h3 Qg6 28.
Qe2 g4 29. hxg4 hxg4 30. Rc6 Qg5 31. Qc2 Qe3 32. Rc8 Qd4 33. Kg1 Kh7 34. Rxf8
Bxf8 35. Qc8 Qd1+ 36. Kh2 Bg7 37. Qf5+ Kg8 38. Bxe5 {Black resigns} 1-0

[Event "Team 45 45 League T69"]
[Site "Internet Chess Club"]
[Date "2016.06.10"]
[Round "1"]
[White "PolishRyszard"]
[Black "hudson"]
[Result "1-0"]
[WhiteElo "1871"]
[BlackElo "1781"]
[Opening "French: advance, Euwe variation"]
[ECO "C02"]
[Time "17:01:35"]
[TimeControl "2700+45"]

1. e4 e6 2. d4 d5 3. e5 c5 4. c3 Nc6 5. Nf3 Bd7 6. Be2 Nge7 7. O-O Nf5 8. Bd3
cxd4 9. Bxf5 exf5 10. Nxd4 Nxd4 11. Qxd4 Be6 12. Nd2 Be7 13. Nf3 O-O 14. Rd1 g5
15. Qd3 h6 16. Nd4 Qc7 17. Nxf5 Bxf5 18. Qxf5 Qc4 19. Be3 Bc5 20. Bxc5 Qxc5 21.
Rd4 Rad8 22. h4 gxh4 23. Rg4+ {Black resigns} 1-0

[Event "Team 45 45 League T69"]
[Site "Internet Chess Club"]
[Date "2016.06.10"]
[Round "1"]
[White "CaptK"]
[Black "wfjalet500"]
[Result "1-0"]
[WhiteElo "1871"]
[BlackElo "1569"]
[Opening "King's Indian: London system"]
[ECO "A48"]
[Time "14:00:12"]
[TimeControl "2700+45"]

1. d4 Nf6 2. Nf3 g6 3. Bf4 d5 4. c4 Bg7 5. cxd5 Nxd5 6. Be5 Bxe5 7. Nxe5 O-O 8.
e4 Nb6 9. Nc3 Na6 10. Bxa6 bxa6 11. O-O Bb7 12. f4 Qd6 13. f5 Rad8 14. fxg6 hxg6
15. Nf3 Qf4 16. Qe2 Qg4 17. Rad1 Kg7 18. b3 Rh8 19. Ne5 Qxe2 20. Rxf7+ Kg8 21.
Nxe2 Bxe4 22. Rxe7 Nd5 23. Re6 Bxg2 24. Rxg6+ Kh7 25. Rxg2 Ne3 26. Rd3 Nxg2 27.
Kxg2 Rhg8+ 28. Ng3 Rd6 29. Rc3 Rxd4 30. Rxc7+ Rg7 31. Rxg7+ {Black resigns} 1-0

[Event "Team 45 45 League T69"]
[Site "Internet Chess Club"]
[Date "2016.06.08"]
[Round "1"]
[White "idjit"]
[Black "kllrchris"]
[Result "0-1"]
[WhiteElo "1505"]
[BlackElo "1699"]
[Opening "Sicilian: Grand Prix attack"]
[ECO "B23"]
[Time "16:34:14"]
[TimeControl "2700+45"]

1. e4 c5 2. Nc3 Nc6 3. f4 g6 4. Nf3 Bg7 5. Bb5 Nd4 6. O-O Nxb5 7. Nxb5 d5 8.
exd5 a6 9. Nc3 Nf6 10. d4 c4 11. Qe2 Nxd5 12. Qxc4 Nxc3 13. Qxc3 O-O 14. Be3 Bf5
15. Qd2 Rc8 16. Rac1 Qd5 17. b3 b5 18. c3 Rc7 19. Ne5 f6 20. Nd3 Rd8 21. Nc5 e5
22. Nxa6 Rcd7 23. Nb4 Qe4 24. d5 Bf8 25. fxe5 fxe5 26. Bg5 Bxb4 27. Bxd8 Bc5+
28. Kh1 Be3 {White resigns} 0-1